 Dungeon Crawl Stone Soup version 0.31.0-32-g396128a36d (webtiles) character file.

Game seed: 2996258735360017278

83159 Xolotl the Martial Artist (level 15, -4/146 HPs)
             Began as a Demonspawn Cinder Acolyte on Apr 13, 2024.
             Was a High Priest of Ignis.
             Slain by a +8 long sword (21 damage)
             ... on level 14 of the Dungeon.
             The game lasted 02:03:30 (29980 turns).

Xolotl the Martial Artist (DsCA)                   Turns: 29980, Time: 02:03:31

Health: -4/146     AC: 11    Str: 20    XL:     15   Next: 31%
Magic:  16/16      EV: 15    Int: 21    God:    Ignis [*****.]
Gold:   406        SH:  0    Dex: 16    Spells: 2/16 levels left

rFire   + .          .
                       - Unarmed
rCold   + . .        (shield currently unavailable)
rNeg    . . .        d - melded +0 ring mail "Duxawnach" {Regen+ Str+2}
rPois   +            (helmet unavailable)
rElec   .            H - melded scarf {shadows}
rCorr   .            I - melded +2 pair of gloves {Stlth+}
SInv    .            V - melded +1 pair of boots {Fly}
Will    ++...        x - dreamdust necklace {Acrobat}
Stlth   +            g - ring of willpower
HPRegen 0.44/turn    z - ring "Jareivom" {rC+ Int+7}
MPRegen 0.15/turn

%: acrobat
@: snake-form
A: constrict, boosted hp, large, (horns 3), rugged brown scales 2, ignite blood
3, demonic magic 1, (electricity resistance)
a: Begin Untransformation, Renounce Religion, Fiery Armour, Foxfire Swarm,
Rising Flame


You were on level 14 of the Dungeon.
You worshipped Ignis.
Ignis was extremely pleased with you.
You were an enormous serpent.
You visited 3 branches of the dungeon, and saw 21 of its levels.
You also visited: Bailey and Gauntlet.

You collected 2391 gold pieces.
You spent 1985 gold pieces at shops.

Inventory:

Hand Weapons
 L - the +8 whip "Snakebite" {venom, curare, rPois}
   (You found it on level 4 of the Lair of Beasts)

   rPois:     It protects you from poison
Missiles
 a - 23 poisoned darts (quivered)
 q - 2 throwing nets
 D - 2 curare-tipped darts
Armour
 d - the +0 ring mail "Duxawnach" (melded) {Regen+ Str+2}
   (You acquired it on level 5 of the Dungeon)

   Str+2:     It affects your strength (+2).
   Regen+:    It increases your rate of health regeneration.
 H - a scarf of shadows (melded)
 I - a +2 pair of gloves of stealth (melded)
 S - a +0 kite shield
 V - a +1 pair of boots of flying (melded)
Magical Staves
 b - a staff of fire
Jewellery
 e - an amulet of reflection
 f - a ring of flight
 g - a ring of willpower (left hand)
 s - a ring of resist corrosion
 x - the dreamdust necklace (around neck) {Acrobat}
   (You took it off a gnoll sergeant in a bailey)

   [amulet of the acrobat]

   Acrobat:   It increases your evasion while moving and waiting.
 z - the ring "Jareivom" (right hand) {rC+ Int+7}
   (You found it in a bailey)

   [ring of protection from cold]

   Int+7:     It affects your intelligence (+7).
   rC+:       It protects you from cold.
 B - a ring of see invisible
 E - an amulet of regeneration
Talismans
 m - a serpent talisman (active)
 Z - a granite talisman
Wands
 j - a wand of roots (13)
 l - a wand of quicksilver (3)
 n - a wand of charming (3)
 O - a wand of mindburst (14)
 X - a wand of polymorph (10)
Scrolls
 h - 11 scrolls of teleportation
 r - a scroll of torment
 A - 2 scrolls of poison
 C - 2 scrolls of revelation
 G - a scroll of brand weapon
 J - a scroll of blinking {unknown}
 M - a scroll of enchant weapon {unknown}
 N - 2 scrolls of enchant armour {unknown}
 Q - a scroll of fog
 U - a scroll of vulnerability {unknown}
Potions
 i - 3 potions of brilliance
 o - 4 potions of enlightenment
 p - 2 potions of haste
 u - 4 potions of curing
 v - 3 potions of lignification
 w - 2 potions of resistance
 T - a potion of cancellation
 W - a potion of magic
Miscellaneous
 k - a phial of floods (inert)
 y - a box of beasts
 F - a lightning rod (4/4)
 K - a condenser vane
 P - a phantom mirror


   Skills:
 - Level 10.6 Fighting
 - Level 10.0 Dodging
 - Level 14.0 Unarmed Combat
 - Level 1.0 Spellcasting
 - Level 4.1 Fire Magic
 - Level 10.0 Evocations
 * Level 13.0 Shapeshifting


You had 2 spell levels left.
You knew the following spells:

 Your Spells              Type           Power      Damage    Failure   Level
a - Scorch                Fire           36%        2d6       4%          2
b - Lesser Beckoning      Tloc           2%         N/A       24%         2
c - Teleport Other        Tloc           1%         N/A       43%         3
d - Passage of Golubria   Tloc           1%         N/A       85%         4
g - Apportation           Tloc           2%         N/A       16%         1
z - Blink                 Tloc           2%         N/A       24%         2

Your spell library contained the following spells:

 Spells                   Type           Power      Damage    Failure   Level
 Necrotise                Necr           4%         1d4       16%         1
 Sandblast                Erth           2%         2d4       16%         1
 Sting                    Conj/Alch      4%         1d3       16%         1
 Summon Small Mammal      Summ           4%         N/A       16%         1
 Ensorcelled Hibernation  Hex/Ice        2%         N/A       24%         2
 Jinxbite                 Hex            2%         N/A       24%         2
 Momentum Strike          Conj/Tloc      2%         3d8       24%         2
 Gell's Gravitas          Tloc           1%         N/A       43%         3
 Passwall                 Erth           1%         N/A       43%         3
 Stone Arrow              Conj/Erth      2%         3d7       43%         3
 Swiftness                Air            1%         N/A       43%         3
 Tukima's Dance           Hex            1%         N/A       43%         3
 Animate Armour           Summ/Erth      2%         N/A       85%         4
 Brom's Barrelling Bould  Conj/Erth      1%         2d3       85%         4
 Cause Fear               Hex            0%         N/A       85%         4
 Martyr's Knell           Necr/Summ      1%         N/A       85%         4
 Fireball                 Conj/Fire      4%         3d4       89%         5
 Alistair's Intoxication  Alch           0%         N/A       99%         5
 Silence                  Hex/Air        0%         N/A       99%         5
 Summon Forest            Summ/Tloc      0%         N/A       99%         5
 Yara's Violent Unravell  Hex/Alch       0%         3d3       99%         5
 Dispersal                Tloc           0%         N/A       100%        6
 Eringya's Noxious Bog    Alch           0%         4d6       100%        6
 Spellforged Servitor     Conj/Summ      0%         N/A       100%        7
 Summon Hydra             Summ           0%         N/A       100%        7
 Dragon's Call            Summ           0%         N/A       100%        9


Dungeon Overview and Level Annotations

Branches:
Dungeon (14/15)            Temple (0/1) D:7            Lair (5/5) D:8
  Swamp (0/4) Lair:3       Spider (0/4) Lair:2        Slime (0/5) Lair:4
    Orc (2/2) D:10            Elf (0/3) Orc:2        Vaults (0/5) D:14
 Bailey (visited)         Gauntlet (visited)

Altars:
Dithmenos
Gozag
Hepliaklqana
Qazlal
Sif Muna
Uskayaw
Xom

Shops:
D:5 [   D:13 :   D:14 =[:   Orc:1 *[   Orc:2 [*?:=

Annotations:
Lair:2 1 runed translucent door, jimmypageman's ghost, journeyman MiFi


Innate Abilities, Weirdness & Mutations

You are an enormous serpent.
You have a powerful constriction melee attack.
Your maximum health is increased.
Your armour is entirely melded.
You are incapable of wielding weapons or throwing items.
((You have a pair of large horns on your head.))
(You are mostly covered in rugged brown scales. (AC +2, +5% HP))
Your demonic aura causes all spilled blood to erupt in flames.
Spells you cast may paralyse adjacent enemies.
((You are resistant to electric shocks. (rElec)))


Message History

You miss the +8 long sword. Your grab misses the +8 long sword.
The +8 long sword is lightly damaged.
The +8 long sword is engulfed in blazing flames.
The +8 long sword hits you!!
You barely miss the +8 long sword. Your grab misses the +8 long sword.
The +8 long sword is lightly damaged.
The +8 long sword is engulfed in blazing flames.
The +8 long sword hits you!!
You completely miss the +8 long sword. Your grab misses the +8 long sword.
The +8 long sword is lightly damaged.
The +8 long sword is engulfed in blazing flames.
The +8 long sword hits you!!
* * * LOW HITPOINT WARNING * * *
Aim the phial where?
Press: ? - help, Shift-Dir - straight line, f - +8 long sword
Aim: a +8 long sword (flame, lightly damaged, 51% to hit)
The torrent of water misses the +8 long sword.
The wave splashes down.
Floosh!
You fall into the shallow water.
You hear an angry buzzing noise.
The +8 long sword is engulfed in blazing flames.
The +8 long sword hits you!
* * * LOW HITPOINT WARNING * * *
The +8 long sword is engulfed in blazing flames.
The +8 long sword hits you!
* * * LOW HITPOINT WARNING * * *
Okay, then.
Okay, then.
Okay, then.
Okay, then.
Aiming: Fastroot
Press: ? - help, Shift-Dir - straight line, f/p - +8 long sword
Aim: a +8 long sword (flame, lightly damaged)
The roots erupt in riotous growth!
Roots grab the +8 long sword.
The grasping roots constrict the +8 long sword.
The +8 long sword is engulfed in blazing flames.
The +8 long sword hits you!!
You die...

##..##..###..###
######'###..###
#...........
#...........
#...........
##...###..#.
#######.##########
##☼°...........#
###§S######......#
#.~(## ......#
#.~~.............#
#.~~.............#
#.....(.......####
#.............#
##...#.#.......
#..##(##T. #..[ ∩#
..


You could see a +8 long sword (rooted).

Vanquished Creatures
  Gastronok (Lair:1)
  Kirke (D:13)
  A minotaur (Gauntlet)
  An ettin (Orc:2)
  Fannar (Orc:1)
  An entropy weaver (shapeshifter) (D:13)
  Harold (Lair:2)
  6 hydras
  Erolcha (D:10)
  3 centaur warriors
  2 ogre magi (Orc:2)
  3 catoblepae (Lair:5)
  6 two-headed ogres
  3 boulder beetles
  A dancing weapon (D:14)
  15 death yaks
  A hell hog (Gauntlet)
  An orc high priest (Orc:1)
  Sonja (Orc:2)
  Nergalle (Orc:2)
  An iron troll (Orc:2)
  A fire crab (Gauntlet)
  2 spriggan druids (Lair:3)
  A deep troll (Orc:2)
  A deep elf pyromancer (D:12)
  3 manticores
  Pikel (D:6)
  A wolf spider (Lair:5)
  4 ugly things
  3 cyclopes
  Joseph (D:8)
  7 black mambas
  4 elephants (Lair:5)
  3 kobold blastminers
  2 gargoyles
  10 cane toads
  A torpor snail (Lair:2)
  Maggie (D:8)
  3 rime drakes
  4 komodo dragons
  A komodo dragon (shapeshifter) (D:13)
  2 minotaur zombies (Gauntlet)
  An ice devil (Gauntlet)
  3 red devils
  9 trolls
  A polar bear (Lair:4)
  5 blink frogs (Lair:3)
  4 hornets
  2 raiju (D:8)
  6 slime creatures (D:13)
  A centaur simulacrum (D:14)
  Sigmund (D:4)
  2 shadows (D:13)
  A jumping spider (Lair:2)
  31 yaks
  2 hogs (D:13)
  9 wyverns
  6 fire bats (Gauntlet)
  3 humans (D:13)
  2 wraiths
  7 vampire mosquitoes
  A steam dragon (D:5)
  2 redbacks (Lair:2)
  13 basilisks
  3 acid dragons
  26 water moccasins
  2 hell hounds (Gauntlet)
  Duvessa (D:6)
  A sky beast (D:6)
  13 orc warriors
  4 black bears
  20 ogres
  9 centaurs
  27 wolves
  A kobold brigand (D:8)
  2 lemures
  A brain worm (shapeshifter) (D:14)
  11 bullfrogs
  7 gnoll sergeants (Bailey)
  4 scorpions (D:5)
  A jelly (D:7)
  Dowan (D:6)
  11 killer bees
  13 electric eels
  3 howler monkeys
  3 lava snakes (Lair:4)
  3 bombardier beetles
  3 hounds
  6 gnoll boudas (Bailey)
  8 orc priests
  3 iguanas
  19 hell rats
  17 orc wizards
  5 gnolls (Bailey)
  4 river rats (Lair:5)
  9 adders
  4 white imps (Gauntlet)
  6 ufetubi
  3 ribbon worms
  5 dart slugs
  58 orcs
  8 ball pythons
  5 bats
  3 endoplasms
  4 giant cockroaches
  7 goblins
  7 hobgoblins
  14 jackals
  9 kobolds
  A quokka (D:2)
  3 frilled lizards
  4 rats
602 creatures vanquished.

Vanquished Creatures (collateral kills)
  2 two-headed ogres (Orc:2)
  An orc high priest (Orc:2)
  A cyclops (Orc:2)
  A black mamba (Lair:5)
  Eustachio (D:4)
  Edmund (D:4)
  An orc warrior (Orc:2)
  4 ogres (Orc:2)
  2 orc priests
  2 orcs (Orc:2)
  A hobgoblin (D:4)
  A ball python (D:4)
18 creatures vanquished.

Vanquished Creatures (others)
  2 two-headed ogres (Orc:2)
  3 trolls (Orc:2)
  A human (D:13)
  An ogre (Orc:2)
  A killer bee (D:7)
  An orc priest (Orc:2)
  An orc wizard (D:10)
10 creatures vanquished.

Grand Total: 630 creatures vanquished

Notes
Turn   | Place    | Note
-------+----------+-------------------------------------------
     0 | D:1      | Xolotl the Demonspawn Cinder Acolyte began the quest for
                  | the Orb.
     0 | D:1      | Reached XP level 1. HP: 18/18 MP: 2/2
   184 | D:1      | Reached skill level 3 in Unarmed Combat
   184 | D:1      | Gained mutation: You have a pair of small horns on your
                  | head. [demonic ancestry]
   184 | D:1      | Reached XP level 2. HP: 24/24 MP: 3/3
   187 | D:1      | Learned a level 2 spell: Scorch
  1022 | D:2      | Reached XP level 3. HP: 29/29 MP: 1/4
  1840 | D:2      | Reached XP level 4. HP: 35/35 MP: 0/5
  2254 | D:3      | Found a hazy altar of Hepliaklqana.
  2254 | D:3      | Found a shadowy altar of Dithmenos.
  2254 | D:3      | Found a hide-covered altar of Uskayaw.
  2293 | D:3      | Found a faded altar of an unknown god.
  2540 | D:3      | Gained mutation: You are resistant to electric shocks.
                  | (rElec) [potion of mutation]
  2621 | D:3      | Reached skill level 4 in Unarmed Combat
  2904 | D:3      | Learned a level 1 spell: Apportation
  3036 | D:4      | Noticed Sigmund
  3179 | D:4      | Found a stormy altar of Qazlal.
  3187 | D:4      | Gained mutation: Your demonic aura sometimes causes spilled
                  | blood to erupt in flames. [demonic ancestry]
  3187 | D:4      | Reached XP level 5. HP: 41/41 MP: 3/6
  3235 | D:4      | Noticed Edmund
  3269 | D:4      | Noticed Eustachio
  3288 | D:4      | Killed Eustachio
  3289 | D:4      | Reached skill level 1 in Dodging
  3289 | D:4      | Reached skill level 5 in Unarmed Combat
  3289 | D:4      | Gained mutation: Spells you cast may paralyse adjacent
                  | enemies. [demonic ancestry]
  3289 | D:4      | Reached XP level 6. HP: 39/47 MP: 0/7
  3590 | D:4      | Killed Edmund
  3622 | D:4      | Killed Sigmund
  3986 | D:4      | Gained mutation: You are partially covered in rugged brown
                  | scales. (AC +1, +3% HP) [demonic ancestry]
  3986 | D:4      | Reached XP level 7. HP: 42/53 MP: 5/8
  4157 | D:4      | Reached skill level 6 in Unarmed Combat
  4370 | D:5      | Entered Level 5 of the Dungeon
  4464 | D:5      | Found Irol's Antique Armour Shoppe.
  4988 | D:5      | Noticed a steam dragon
  4991 | D:5      | Killed a steam dragon
  4992 | D:5      | Reached skill level 1 in Shapeshifting
  5195 | D:5      | Gained mutation: You have a pair of horns on your head.
                  | [demonic ancestry]
  5195 | D:5      | Reached XP level 8. HP: 61/61 MP: 6/9
  5304 | D:5      | Reached skill level 7 in Unarmed Combat
  5736 | D:5      | Identified a scroll of acquirement
  5736 | D:5      | Acquired the +0 ring mail "Duxawnach" {Regen+ Str+2}
  5822 | D:5      | Found an opulent altar of Gozag.
  6221 | D:6      | Noticed Duvessa
  6231 | D:6      | Noticed Dowan
  6244 | D:6      | Killed Dowan
  6584 | D:6      | Noticed Pikel
  6723 | D:6      | Killed Duvessa
  6724 | D:6      | Reached skill level 8 in Unarmed Combat
  7035 | D:6      | Killed Pikel
  7036 | D:6      | Gained mutation: You are mostly covered in rugged brown
                  | scales. (AC +2, +5% HP) [demonic ancestry]
  7036 | D:6      | Reached XP level 9. HP: 46/68 MP: 4/10
  7305 | D:7      | Reached skill level 5 in Shapeshifting
  7407 | D:7      | Found a staircase to the Ecumenical Temple.
  7676 | D:7      | Reached skill level 9 in Unarmed Combat
  8589 | D:8      | Noticed Joseph
  8604 | D:8      | Killed Joseph
  8654 | D:8      | Noticed Maggie
  8841 | D:8      | Reached XP level 10. HP: 74/74 MP: 1/11
  9096 | D:8      | Found a staircase to the Lair.
  9513 | D:8      | I am the squiggle that approaches :3
  9709 | D:8      | Killed Maggie
  9813 | D:8      | Found a shimmering altar of Xom.
  9984 | D:8      | Found a shimmering blue altar of Sif Muna.
 10884 | D:9      | Reached skill level 10 in Shapeshifting
 10947 | D:9      | Found a flagged portal.
 11020 | Bailey   | Entered a bailey
 12031 | Bailey   | Gained mutation: You have a pair of large horns on your
                  | head. [demonic ancestry]
 12031 | Bailey   | Reached XP level 11. HP: 76/81 MP: 12/12
 12393 | Bailey   | Identified the ring "Jareivom" {rC+ Int+7}
 12494 | D:9      | Reached skill level 5 in Fighting
 13005 | D:10     | Entered Level 10 of the Dungeon
 13010 | D:10     | Noticed Erolcha
 13179 | D:10     | Reached skill level 1 in Evocations
 13360 | D:10     | Found a staircase to the Orcish Mines.
 13596 | D:10     | Killed Erolcha
 13703 | D:10     | Reached skill level 5 in Dodging
 14174 | D:10     | Reached skill level 10 in Unarmed Combat
 14655 | Lair:1   | Entered Level 1 of the Lair of Beasts
 14831 | Lair:1   | Noticed Gastronok
 15114 | Lair:1   | Killed Gastronok
 15495 | Lair:1   | Identified the +7 hand axe of True Grit {drain, rC- rN+
                  | Str+7 Dex-2}
 16020 | Lair:2   | Reached XP level 12. HP: 35/95 MP: 13/13
 16279 | Lair:2   | Noticed Harold
 16293 | Lair:2   | Killed Harold
 16401 | Lair:2   | Reached skill level 5 in Evocations
 16615 | Lair:2   | Found a hole to the Spider Nest.
 16953 | Lair:2   | Reached skill level 11 in Unarmed Combat
 17063 | Lair:2   | Found a runed translucent door.
 17063 | Lair:2   | Found a shimmering altar of Xom.
 17063 | Lair:2   | Noticed jimmypageman's ghost (journeyman MiFi)
 17589 | Lair:3   | Noticed a seven-headed hydra
 17589 | Lair:3   | Noticed a five-headed hydra
 17597 | Lair:3   | Killed a five-headed hydra
 17597 | Lair:3   | Killed a seven-headed hydra
 18357 | Lair:3   | Found a staircase to the Swamp.
 18953 | Lair:4   | Gained mutation: Your demonic aura often causes spilled
                  | blood to erupt in flames. [demonic ancestry]
 18953 | Lair:4   | Reached XP level 13. HP: 105/105 MP: 14/14
 19191 | Lair:4   | Found the +8 whip "Snakebite" {venom, curare, rPois}
 19691 | Lair:4   | Found a staircase to the Slime Pits.
 20359 | Lair:5   | Entered Level 5 of the Lair of Beasts
 20600 | Lair:5   | Reached skill level 12 in Unarmed Combat
 21627 | Lair:5   | Reached skill level 10 in Fighting
 22490 | Lair:5   | Reached XP level 14. HP: 108/116 MP: 15/15
 22568 | Lair:5   | Got Wisotoz's Disquisition on Bringing Forth and Haze
 23122 | Lair:4   | Learned a level 4 spell: Passage of Golubria
 23226 | Orc:1    | Entered Level 1 of the Orcish Mines
 23236 | Orc:1    | Found Hiushral's Assorted Antiques.
 23256 | Orc:1    | Bought 3 scrolls of identify for 168 gold pieces
 23256 | Orc:1    | Bought a glowing white potion for 25 gold pieces
 23256 | Orc:1    | Bought a scroll of teleportation for 84 gold pieces
 23256 | Orc:1    | Bought a scroll labelled VEABBIA ETUBIG for 28 gold pieces
 23373 | Orc:2    | Entered Level 2 of the Orcish Mines
 23695 | Orc:2    | Found Adidath's Magic Scroll Boutique.
 23707 | Orc:2    | Reached skill level 10 in Dodging
 23708 | Orc:2    | Reached skill level 13 in Unarmed Combat
 23708 | Orc:2    | Saved by the dreamshard amulet
 23725 | Orc:2    | Found Nacifeab's Book Shop.
 23826 | Orc:2    | Reached skill level 10 in Evocations
 23880 | Orc:2    | Noticed Sonja
 23891 | Orc:2    | Found Leegiuv's Jewellery Shoppe.
 23904 | Orc:2    | Your ally Sonja died
 24114 | Orc:2    | Found a staircase to the Elven Halls.
 24468 | Orc:2    | Found Hiria's General Store.
 24580 | Orc:2    | Found Amassy's Armour Shop.
 24904 | Orc:1    | Noticed Nergalle
 24911 | Orc:2    | Killed Nergalle
 25118 | Orc:1    | Found Plog's Armour Shoppe.
 25250 | Orc:1    | Noticed Fannar
 25258 | Orc:1    | Killed Fannar
 25545 | D:11     | Found a gate leading to a gauntlet.
 25554 | Gauntlet | Entered a Gauntlet
 25554 | Gauntlet | Found a transporter.
 25563 | Gauntlet | Found a transporter.
 25578 | Gauntlet | Found a transporter.
 25583 | Gauntlet | Found a transporter.
 25603 | Gauntlet | Found a transporter.
 25617 | Gauntlet | Found a transporter.
 25629 | Gauntlet | Found a transporter.
 25638 | Gauntlet | Found a transporter.
 25653 | Gauntlet | Found a transporter.
 25665 | Gauntlet | Found a transporter.
 25682 | Gauntlet | Found a transporter.
 25699 | Gauntlet | Found a transporter.
 25701 | Gauntlet | Found a transporter.
 25728 | Gauntlet | Found a transporter.
 25730 | Gauntlet | Found a transporter.
 25732 | Gauntlet | Found a transporter.
 25754 | Gauntlet | Found a transporter.
 25834 | Gauntlet | Found a transporter.
 26693 | Orc:1    | Bought a granite talisman for 1680 gold pieces
 27453 | D:12     | Learned a level 2 spell: Blink
 27456 | D:12     | Learned a level 2 spell: Lesser Beckoning
 27460 | D:12     | Learned a level 3 spell: Teleport Other
 28305 | D:12     | Reached skill level 14 in Unarmed Combat
 28305 | D:12     | Gained mutation: Your demonic aura causes all spilled blood
                  | to erupt in flames. [demonic ancestry]
 28305 | D:12     | Reached XP level 15. HP: 122/122 MP: 16/16
 28849 | D:13     | Noticed Kirke
 28862 | D:13     | Killed Kirke
 28952 | D:13     | Found Liuzaut's Book Emporium.
 29362 | D:14     | Found Joteg's Antique Armour Shop.
 29418 | D:14     | Found Suleci Fept's Book Emporium.
 29540 | D:14     | Found Irchoib's Jewellery Emporium.
 29965 | D:14     | Found a gate to the Vaults.
 29980 | D:14     | Slain by a +8 long sword

Illustrated notes

#............#
#............#
#............#
#######......# ≈~
###########...#~..
#..........#+......
#.................~
#...............~≈≈
#...S###......#S≈##
#....#######+## ##
#.......# #.########
#.......####....#....
#...............'....
#...............###..
#............####....
#....##....### ##...)
#....##....# #.....


Turn 9513 on D:8: I am the squiggle that approaches :3

Levels and vault maps discovered:
D:1:      erik_arrival_cave_to_civilisation [erik_arrival_cave_to_hall],
          layout_basic
D:2:      layout_basic
D:3:      layout_rooms, chequers_temple_overflow_statue_of_worship,
          hellmonk_ecumenical_altar_heavens_door
D:4:      layout_loops_ring, grunt_qazlal_clouds,
          serial_library_hellmonk_hallway_b, roderic_roman_lattice,
          serial_bayou_lagoon_a, uniq_edmund, uniq_sigmund, uniq_eustachio
D:5:      kennysheep_six_static_rooms, layout_basic,
          mainiacjoe_overflow_six_doors_small, serial_shops, shop,
          serial_bayou_lagoon_b
D:6:      layout_basic, uniq_pikel, uniq_duvessa
D:7:      layout_gridville, minmay_temple_entry_trees, serial_park_tiny_pond,
          nicolae_figureground_pulse
D:8:      layout_basic, kennysheep_mini, mainiacjoe_overflow_alcove_4,
          due_lair_maze_entry_diamond, nicolae_have_a_lightning_rod,
          uniq_joseph, uniq_maggie
D:9:      layout_basic, enter_bailey_8
D:10:     layout_basic, orc_0_dummy, uniq_erolcha
D:11:     layout_loops_corners, gauntlet_entry_generic
D:12:     layout_gridville, minivault_27, hangedman_corner_corridor
D:13:     layout_rooms, serial_shops, shop, nicolae_elyvilon_peaceful_grove,
          uniq_kirke
D:14:     layout_gridville, erik_vaults_1, serial_shops, shop,
          nicolae_shop_gaudy_bauble, shop, shop,
          nicolae_dithmenos_through_a_glass_darkly, grunt_decor_cap
Lair:1:   layout_long_grid, serial_bayou_pond_b, uniq_gastronok
Lair:2:   layout_roguey, spider_nest_entry_a, ebering_ghost_xom, uniq_harold
Lair:3:   layout_roguey [special_room_mythical_zoo],
          mainiacjoe_swamp_entry_angry_trees
Lair:4:   minmay_guarded_unrand_snakebite, layout_regular_city,
          dpeg_slime_entry_enclosed, nicolae_lair_liquid_snakes
Lair:5:   evilmike_catoblepas_cave, layout_cave_shapes,
          kennysheep_abandoned_house
Orc:1:    layout_caves, serial_shops, shop, nicolae_shop_tiny_real_fake_doors,
          uniq_fannar, uniq_nergalle
Orc:2:    st_orc_open, layout_caves, serial_shops, shop,
          einodemon_armed_red_devil_minivault, uniq_sonja

Skill      XL: |  1  2  3  4  5  6  7  8  9 10 11 12 13 14 15 |
---------------+----------------------------------------------+-----
Unarmed Combat | 3 4 5 6 8 9 10 11 12 14 | 14.0
Fire Magic     | 3 4 |  4.1
Dodging        | 1 2 3 4 6 8 9 10 | 10.0
Shapeshifting  | 1 4 7 10 11 13 | 13.0
Fighting       | 4 7 8 10 | 10.6
Evocations     | 4 7 9 10 | 10.0
Spellcasting   | |  1.0

Action                     |  1- 3 |  4- 6 |  7- 9 | 10-12 | 13-15 || total
---------------------------+-------+-------+-------+-------+-------++-------
  Melee: Unarmed           |   114 |    36 |    87 |   508 |   683 ||  1428
         Headbutt          |     5 |     7 |    15 |     9 |     5 ||    41
         Punch             |       |     1 |     5 |     1 |     2 ||     9
         Staff             |       |    13 |       |       |       ||    13
         Constrict         |       |       |       |   108 |   153 ||   261
  Throw: Dart              |       |       |    11 |       |     1 ||    12
   Cast: Scorch            |    23 |    36 |   104 |    33 |     4 ||   200
  Evoke: Wand              |       |     5 |     8 |     6 |    26 ||    45
         Lightning rod     |       |       |       |     5 |    12 ||    17
         Phial of floods   |       |       |       |     2 |     3 ||     5
         Box of beasts     |       |       |       |     1 |     2 ||     3
         Phantom mirror    |       |       |       |       |     1 ||     1
    Use: Potion            |       |     3 |       |     2 |     5 ||    10
         Scroll            |       |     1 |     8 |    10 |    12 ||    31
   Stab: Paralysed         |       |     3 |    37 |     5 |       ||    45
         Sleeping          |       |     1 |       |     1 |       ||     2
         Betrayed ally     |       |     1 |       |       |       ||     1
         Distracted        |       |       |       |       |     1 ||     1
 Armour: Robe              |    50 |    26 |     3 |       |       ||    79
         Steam dragon scal |       |       |     8 |       |       ||     8
         Ring mail         |       |       |    48 |    22 |    23 ||    93
         Skin              |       |       |       |   352 |   419 ||   771
  Dodge: Dodged            |    58 |    26 |    50 |   300 |   439 ||   873
  Block: Other             |    19 |    12 |    19 |    30 |       ||    80
         Reflection        |       |     2 |     3 |     1 |       ||     6
   Form: Serpent           |       |       |       |     4 |     6 ||    10
                           |       |       |       |     3 |     6 ||     9
         Blade             |       |       |       |       |     1 ||     1
